 Dungeon Crawl Stone Soup version 0.18-a0-998-gcb3fcb1 (webtiles) character file.

243 Duffy the Magician (level 5, -5/31 HPs)
             Began as a High Elf Air Elementalist on Jan 5, 2016.
             Was an Initiate of Sif Muna.
             Slain by Daviar's ghost (12 damage)
             ... on level 4 of the Dungeon.
             The game lasted 00:07:50 (4007 turns).

Duffy the Magician (High Elf Air Elementalist)      Turns: 4007, Time: 00:07:50

Health: -5/31      AC:  4    Str:  7    XL:     5   Next: 82%
Magic:  7/12       EV:  8    Int: 19    God:    Sif Muna [......]
Gold:   84         SH:  0    Dex: 16    Spells: 5 memorised, 0 levels left

rFire  . . .     SeeInvis .     (no weapon)
rCold  . . .     Gourm    .     a - +0 robe
rNeg   . . .     Faith    .     (no shield)
rPois  .         Spirit   .     p - +0 helmet
rElec  .         Dismiss  .     (no cloak)
rCorr  .         Reflect  .     (no gloves)
SustAt .         Harm     .     m - +0 pair of boots
MR     .....                    (no amulet)
Stlth  ++........               (no ring)
                                (no ring)

@: repel missiles, not resistant to hostile enchantments, unstealthy
A: no striking features
a: Renounce Religion


You were on level 4 of the Dungeon.
You worshipped Sif Muna.
Sif Muna was noncommittal.
You were not hungry.

You visited 1 branch of the dungeon, and saw 4 of its levels.

You collected 84 gold pieces.


   Skills:
 - Level 2.2 Dodging
 - Level 2.2 Stealth
 + Level 4.6 Spellcasting
 * Level 4.3 Conjurations
 * Level 4.4 Air Magic


You couldn't memorise any spells.
You knew the following spells:

 Your Spells              Type           Power        Failure   Level  Hunger
a - Shock                 Conj/Air       ###.         1%          1    None
j - Static Discharge      Conj/Air       ###.....     8%          3    ###....
l - Lightning Bolt        Conj/Air       ###.......   63%         5    ######.
M - Repel Missiles        Chrm/Air       ##....       10%         2    #......
W - Swiftness             Chrm/Air       ##......     10%         2    #......

Inventory:

Missiles
 q - 19 poisoned needles
Armour
 a - a +0 robe (worn)
 m - a +0 pair of boots (worn)
 n - a cursed +0 buckler
 p - a +0 helmet (worn)
Scrolls
 e - 2 scrolls of enchant armour {unknown}
 f - 5 scrolls of identify {unknown}
 g - 2 scrolls of magic mapping {unknown}
 i - a scroll of blinking {unknown}
 l - 3 scrolls of teleportation {unknown}
 u - a scroll of enchant weapon {unknown}
Potions
 d - 2 potions of brilliance {unknown}
 h - 4 potions of curing {unknown}
 j - a potion of cure mutation {unknown}
 k - a potion of beneficial mutation {unknown}
 o - a potion of magic {unknown}
 t - a potion of lignification {unknown}
Books
 b - a book of Air
Comestibles
 c - 3 bread rations
 r - a slice of pizza
 s - a beef jerky
 v - 6 chunks of flesh

Dungeon Overview and Level Annotations

Branches:
Dungeon (4/15)
 Temple: D:4-7

Altars:
Ashenzari
Elyvilon
Fedhas
Gozag
Okawaru
Ru
Sif Muna
Trog
Xom

Annotations:
D:2 exclusion: bat, Sigmund
D:4 Daviar's ghost, novice FoFi


Message History

The hound barely misses you.
Cast which spell? (? or * to list)
You miscast Static Discharge.
You are very lightly contaminated with residual magic.
Your hair stands on end.
The hound bites you. The hound misses you.
Cast which spell? (? or * to list)
The hound is struck by lightning.
The hound is heavily wounded.
The lightning grounds out.
The hound bites you.
Cast which spell? (? or * to list)
The hound is struck by lightning.
The hound is almost dead.
The lightning arcs!
You are struck by lightning.
The lightning arcs!
The hound is struck by lightning.
You kill the hound!
The lightning grounds out.
There is a stone staircase leading up here.
You see here a hound corpse.
You butcher the hound corpse.
v - 6 chunks of flesh (gained 3)
There is a stone staircase leading up here.
You start resting.
Your magical contamination has completely faded away.
You start resting.
There is a stone staircase leading up here.
Cast which spell? (? or * to list) Daviar's ghost is struck by lightning.
Daviar's ghost is lightly damaged.
The lightning arcs!
You are struck by lightning.
The lightning arcs!
Daviar's ghost is struck by lightning.
Daviar's ghost is lightly damaged.
The lightning grounds out.
Daviar's ghost hits you!
Ouch! That really hurt!
Daviar's ghost hits you!
You die...

# # # ## # #.#. # #
##.#.######.#
...........#
#......###
#.W......#
#.#@#.##.# # #.# #
#.# #.# #.( ###
#########
........############
....................


You could see Daviar's ghost.

Action                   |  1- 3 |  4- 6 || total
-------------------------+-------+-------++-------
 Cast: Shock             |    96 |   102 ||   198
       Repel Missiles    |     1 |       ||     1
       Static Discharge  |       |     3 ||     3
  Eat: Chunk             |     3 |     6 ||     9

Notes
Turn   | Place    | Note
--------------------------------------------------------------
     0 | D:1      | Duffy the High Elf Air Elementalist began the quest for the Orb.
     0 | D:1      | Reached XP level 1. HP: 11/11 MP: 4/4
   292 | D:1      | Reached XP level 2. HP: 17/17 MP: 3/6
   454 | D:1      | Reached skill level 2 in Conjurations
   566 | D:1      | Reached skill level 3 in Spellcasting
  1307 | D:1      | Learned a level 2 spell: Repel Missiles
  1310 | D:1      | Learned a level 2 spell: Swiftness
  1361 | D:2      | Noticed Natasha
  1445 | D:2      | Reached XP level 3. HP: 21/21 MP: 5/8
  1599 | D:2      | Found a blossoming altar of Fedhas.
  1696 | D:2      | Noticed Sigmund
  2121 | D:2      | Reached XP level 4. HP: 27/27 MP: 7/10
  2167 | D:2      | Killed Natasha
  2167 | D:2      | Reached skill level 4 in Spellcasting
  2167 | D:2      | Reached skill level 3 in Conjurations
  2350 | D:3      | Noticed Robin
  2382 | D:3      | Killed Robin
  2690 | D:3      | Reached XP level 5. HP: 31/31 MP: 9/12
  2719 | D:3      | Learned a level 5 spell: Lightning Bolt
  2770 | D:3      | Reached skill level 4 in Conjurations
  2863 | D:3      | Reached skill level 4 in Air Magic
  3684 | D:4      | Learned a level 3 spell: Static Discharge
  3760 | D:4      | Found a white marble altar of Elyvilon.
  3761 | D:4      | Found a sacrificial altar of Ru.
  3762 | D:4      | Found a deep blue altar of Sif Muna.
  3762 | D:4      | Found a bloodstained altar of Trog.
  3762 | D:4      | Found an iron altar of Okawaru.
  3764 | D:4      | Found an opulent altar of Gozag.
  3764 | D:4      | Found a shimmering altar of Xom.
  3765 | D:4      | Found a shattered altar of Ashenzari.
  3811 | D:4      | Noticed Daviar's ghost (novice FoFi)
  3812 | D:4      | Became a worshipper of Sif Muna the Loreminder
  3908 | D:4      | Noticed a phantom
  4007 | D:4      | Slain by Daviar's ghost

Vault maps used:
D:1:      minmay_arrival_shattered_statue
D:2:      overflow_temple_1_default, old_standard_altar, uniq_natasha,
          uniq_sigmund
D:3:      first_bread, eino_tiny_chamber, uniq_robin
D:4:      grunt_temple_overflow_open, hangedman_decor_clover_reticule,
          uniq_pikel

Vanquished Creatures
  A hound Natasha Robin
  4 gnolls
  3 adders
  An ooze
  3 worms
  2 giant geckos
  An orc
  7 bats
  4 giant cockroaches
  20 goblins
  10 hobgoblins
  7 jackals
  9 kobolds
  3 quokkas
  A ball python
  3 giant newts
  8 rats
89 creatures vanquished.
